 Dungeon Crawl Stone Soup version 0.31-a0-986-g5e6e4ef867 (webtiles) character file.

Game seed: 5048334827562242770

89 Lobster4 the Digger (level 4, -2/25 HPs)
             Began as a Gargoyle Earth Elementalist on Nov 11, 2023.
             Slain by a water moccasin (8 damage)
             ... on level 3 of the Dungeon.
             The game lasted 00:06:59 (2893 turns).

Lobster4 the Digger (Gargoyle Earth Elementalist)   Turns: 2893, Time: 00:07:00

Health: -2/25      AC:  6    Str: 12    XL:     4   Next: 55%
Magic:  2/7        EV: 12    Int: 17    God:
Gold:   91         SH:  0    Dex: 10    Spells: 2/8 levels left

rFire   . . .        a - +1 mace
rCold   . . .        (no shield)
rNeg    + . .        m - +0 robe
rPois   ∞            (no helmet)
rElec   +            (no cloak)
rCorr   .            (no gloves)
SInv    .            k - +0 pair of boots
Will    .....        (no amulet)
Stlth   ++           (no ring)
HPRegen 0.24/turn    (no ring)
MPRegen 0.10/turn

%: no passive effects
@: no status effects
A: sickness immunity, AC +3, negative energy resistance 1, electricity
resistance, torment resistance 1, petrification resistance
a: no special abilities


You were on level 3 of the Dungeon.
You visited 1 branch of the dungeon, and saw 3 of its levels.

You collected 91 gold pieces.

Inventory:

Hand Weapons
 a - a +1 mace (weapon)
 b - a +0 sling
 d - a +0 dagger
 g - a +0 short sword
Missiles
 c - 54 stones (quivered)
 e - 3 datura-tipped darts
 r - a throwing net
Armour
 f - an orb of wrath
 j - a +0 ring mail
 k - a +0 pair of boots (worn)
 l - a +0 leather armour
 m - a +0 robe (worn)
Potions
 h - a potion of enlightenment
 i - a potion of experience {unknown}
 n - 2 potions of lignification {unknown}
 o - 2 potions of might
 p - a potion of magic
 q - a potion of curing


   Skills:
 + Level 1.3 Fighting
 + Level 0.6 Maces & Flails
 + Level 1.1 Armour
 + Level 1.8 Dodging
 + Level 2.7 Stealth
 + Level 2.5 Spellcasting
 + Level 0.7 Conjurations
 - Level 1.0 Transmutations
 * Level 4.3 Earth Magic


You had 2 spell levels left.
You knew the following spells:

 Your Spells              Type           Power      Damage    Failure   Level
a - Sandblast             Erth           34%        2d9       3%          1
b - Stone Arrow           Conj/Erth      20%        3d8       19%         3
p - Passwall              Tmut/Erth      9%         N/A       10%         2

Your spell library contained the following spells:

 Spells                   Type           Power      Damage    Failure   Level
 Gell's Gravitas          Tloc           2%         N/A       50%         3
 Teleport Other           Tloc           2%         N/A       50%         3
 Petrify                  Tmut/Erth      11%        N/A       52%         4
 Brom's Barrelling Bould  Conj/Erth      10%        2d3       54%         4
 Dispersal                Tloc           1%         N/A       100%        6


Dungeon Overview and Level Annotations

Branches:
Dungeon (3/15)

Altars:
Trog


Innate Abilities, Weirdness & Mutations

You are immune to sickness and miasma.
Your stone body is resilient. (AC +3)
You are immune to poison.
You resist negative energy. (rN+)
You are resistant to electric shocks. (rElec)
You are resistant to unholy torment.
You are immune to petrification.


Message History

The blast of sand misses the water moccasin.
The blast of sand hits the adder!
The adder is almost dead.
The water moccasin bites you but does no damage. x2
Casting: Sandblast (safe; 3% risk of failure)
Confirm with . or Enter, or press ? or * to list all spells.
Aiming: Sandblast (safe; 3% risk of failure)
Press: ? - help, Shift-Dir - straight line, f/p - water moccasin
Aim: a water moccasin (70% to hit)
The blast of sand hits the water moccasin.
The water moccasin is lightly wounded.
The water moccasin closely misses you.
The water moccasin completely misses you.
Casting: Sandblast (safe; 3% risk of failure)
Confirm with . or Enter, or press ? or * to list all spells.
Aiming: Sandblast (safe; 3% risk of failure)
Press: ? - help, Shift-Dir - straight line, f/p - water moccasin
Aim: a water moccasin (lightly wounded, 70% to hit)
The blast of sand hits the water moccasin.
The water moccasin is moderately wounded.
The water moccasin bites you. x2
Casting: Sandblast (safe; 3% risk of failure)
Confirm with . or Enter, or press ? or * to list all spells.
Aiming: Sandblast (safe; 3% risk of failure)
Press: ? - help, Shift-Dir - straight line, f/p - water moccasin
Aim: a water moccasin (moderately wounded, 70% to hit)
The blast of sand hits the water moccasin.
The water moccasin is heavily wounded.
The water moccasin bites you.
* * * LOW HITPOINT WARNING * * *
The water moccasin barely misses you.
Casting: Sandblast (safe; 3% risk of failure)
Confirm with . or Enter, or press ? or * to list all spells.
Aiming: Sandblast (safe; 3% risk of failure)
Press: ? - help, Shift-Dir - straight line, f/p - water moccasin
Aim: a water moccasin (heavily wounded, 70% to hit)
The blast of sand hits the water moccasin.
The water moccasin is severely wounded.
The water moccasin bites you!
You die...

.# ## #..♣♣.##..# .#
##..##.#.#... .#
#..........###### .#
................# .#
.............##.# ##
.........#ZJ.##.#
#...J$...##S###.#
.......#.##S# #[#
#############@# #.#
#†.........##.###.#######
#..[..†....##...........#
#..##..##'#######.#####.#
#'######..## #....##.#
#...#..#..8######.##.##.#
#.).#..##.......'.##.##.#
##.†#..##.......####.##.#
##..'.)#..8######
#.##.###


You could see a water moccasin, an adder, an adder zombie and an endoplasm.

Vanquished Creatures
  2 adders (D:3)
  4 dart slugs
  An orc (D:3)
  5 endoplasms
  3 giant cockroaches
  6 goblins
  11 hobgoblins
  4 kobolds
  3 quokkas
  5 ball pythons
  7 bats
  A frilled lizard (D:1)
  3 rats (D:3)
55 creatures vanquished.

Notes
Turn   | Place    | Note
-------+----------+-------------------------------------------
     0 | D:1      | Lobster4 the Gargoyle Earth Elementalist began the quest
                  | for the Orb.
     0 | D:1      | Reached XP level 1. HP: 10/10 MP: 3/3
   275 | D:1      | Reached XP level 2. HP: 14/15 MP: 0/5
   278 | D:1      | Learned a level 2 spell: Passwall
   754 | D:1      | Reached skill level 4 in Earth Magic
   792 | D:1      | Reached skill level 1 in Transmutations
   864 | D:1      | Reached XP level 3. HP: 20/20 MP: 4/6
  1102 | D:1      | Learned a level 3 spell: Stone Arrow
  1317 | D:2      | Reached skill level 1 in Fighting
  2401 | D:3      | Reached XP level 4. HP: 24/25 MP: 1/7
  2521 | D:3      | Reached skill level 1 in Armour
  2551 | D:3      | Found a bloodstained altar of Trog.
  2877 | D:3      | Noticed a water moccasin
  2893 | D:3      | Slain by a water moccasin

Illustrated notes

Levels and vault maps discovered:
D:1:      giann_forest_graveyard, layout_loops_corners, minivault_23,
          minmay_vboxes
D:2:      layout_loops_corners
D:3:      minmay_chambers_of_twos, layout_loops_ring,
          mainiacjoe_overflow_24_doors, nicolae_yredelemnul_corpse_copse

Skill      XL: |  1  2  3  4 |
---------------+-------------+-----
Earth Magic    | 4 |  4.3
Transmutations | 1 |  1.0
Fighting       | 1 |  1.3
Armour         | 1 |  1.1
Maces & Flails | |  0.6
Dodging        | |  1.8
Stealth        | |  2.7
Spellcasting   | |  2.5
Conjurations   | |  0.7

Action                     |  1- 3 |  4- 6 || total
---------------------------+-------+-------++-------
  Melee: Mace              |     6 |     5 ||    11
  Throw: Stone             |     3 |       ||     3
   Cast: Sandblast         |    59 |    24 ||    83
    Use: Scroll            |     9 |       ||     9
   Stab: Sleeping          |       |     1 ||     1
 Armour: Robe              |    16 |    14 ||    30
  Dodge: Dodged            |    19 |    11 ||    30

Table legend: (Time is in decaauts)
 A = Elapsed time spent in this place.
 B = Non-inter-level travel time spent in this place.
 C = Inter-level travel time spent in this place.
 D = Time resting spent in this place.
 E = Time spent auto-exploring this place.
 F = Levels seen in this place.
 G = Mean time per level.
                   A        B        C        D        E       F      G
               +--------+--------+--------+--------+--------+-----+--------+
         Total |   2936 |   2814 |    122 |    147 |   2229 |   3 |  978.7 |
       Dungeon |   2936 |   2814 |    122 |    147 |   2229 |   3 |  978.7 |
               +--------+--------+--------+--------+--------+-----+--------+

Top non-repeatable levels by time:
     D:1: 1185 daAuts
     D:2: 1014 daAuts
     D:3: 736 daAuts
